 Dungeon Crawl Stone Soup version 0.30-a0-445-g92f4fb2d71 (webtiles) character file.

Game seed: 11454662585677494250

72 Emberiza the Chopper (level 4, 0/39 HPs)
             Began as a Minotaur Berserker on Dec 11, 2022.
             Was a Believer of Trog.
             Slain by Sigmund
             ... wielding a +2 scythe of protection
              (4 damage)
             ... on level 2 of the Dungeon.
             The game lasted 00:02:32 (1208 turns).

Emberiza the Chopper (Minotaur Berserker)           Turns: 1208, Time: 00:02:32

Health: 0/39       AC: 11    Str: 24    XL:     4   Next: 7%
Magic:  3/3        EV:  7    Int:  4    God:    Trog [**....]
Gold:   107        SH:  0    Dex:  9    Spells: 3/3 levels left

rFire   . . .      SeeInvis .    a - +0 hand axe
rCold   . . .      Faith    .    (no shield)
rNeg    . . .      Spirit   .    k - +0 plate armour
rPois   .          Reflect  .    (helmet restricted)
rElec   .          Harm     .    (no cloak)
rCorr   .          Rampage  .    (no gloves)
Will    ++...                    (no boots)
Stlth   ..........               (no amulet)
HPRegen 1.26/turn                (no ring)
MPRegen 0.08/turn                (no ring)

@: strong-willed, regenerating
A: horns 2, retaliatory headbutt
a: Renounce Religion, Berserk, Trog's Hand


You were on level 2 of the Dungeon.
You worshipped Trog.
Trog was pleased with you.
You visited 1 branch of the dungeon, and saw 2 of its levels.

You collected 107 gold pieces.

Inventory:

Hand Weapons
 a - a +0 hand axe (weapon)
Armour
 b - a +0 animal skin
 h - a +0 leather armour
 k - a +0 plate armour (worn)
Jewellery
 m - an amulet of regeneration
Scrolls
 c - a scroll of teleportation
 f - a scroll of enchant armour {unknown}
 l - a scroll of immolation {unknown}
 o - a scroll of identify
 p - a scroll of poison {unknown}
Potions
 d - a potion of magic {unknown}
 e - a potion of lignification {unknown}
 g - a potion of brilliance {unknown}
 i - a potion of attraction {unknown}
 j - 3 potions of curing {unknown}
 n - a potion of mutation {unknown}


   Skills:
 - Level 3.6 Fighting
 + Level 6.0 Axes
 - Level 2.4 Armour
 - Level 2.1 Dodging


You had 3 spell levels left.
You didn't know any spells.
Your spell library was empty.

Dungeon Overview and Level Annotations

Branches:
Dungeon (2/15)

Altars:

Annotations:
D:2 Sigmund


Innate Abilities, Weirdness & Mutations

You have a pair of horns on your head.
You reflexively headbutt those who attack you in melee.


Message History

You completely miss something. Your headbutt misses something.
You hear some strange, mumbled words.
You are confused.
You hit something but do no damage. Your punch misses something.
Something hits you but does no damage. Something hits you.
You are too confused!
You are too confused!
Something hits you but does no damage.
A puff of flame appears from out of thin air!
The puff of flame hits you.
* * * LOW HITPOINT WARNING * * *
You are too injured to fight recklessly!
You feel less confused. Something hits you!
* * * LOW HITPOINT WARNING * * *
You hit something. You closely miss something. Your punch misses something.
Something hits you but does no damage.
You hit something but do no damage. Something hits you.
* * * LOW HITPOINT WARNING * * *
You barely miss something. Your headbutt misses something. You hit something.
Something hits you.
* * * LOW HITPOINT WARNING * * *
You closely miss something. Your punch misses something.
You hear some strange, mumbled words.
A magic dart appears from out of thin air!
The magic dart hits you.
* * * LOW HITPOINT WARNING * * *
You hit something. Something hits you but does no damage.
You are too injured to fight recklessly!
You hit something. Your headbutt misses something. You miss something.
Your headbutt misses something. Something hits you but does no damage.
You completely miss something. Something hits you.
* * * LOW HITPOINT WARNING * * *
Your skin crawls.
You feel strong-willed.
You closely miss something. Your headbutt misses something. Something hits you.
You die...

..#>. #.## .. ##.^.#
#.# ...
#....#####..#####.###
...##....#...
...........
...........#
##.####.###
...........##
#....#.#
......#.....##
#...### #..{....#
##....# #..@....#
##.... #.......#
###.. ##.....## ###
##.......# #.
#........# #)
#........###########.
#.......#............
#.>.................#
#......##############


There were no monsters in sight!

Vanquished Creatures
  Jessica (D:2)
  An adder (D:2)
  2 worms (D:2)
  A dart slug (D:2)
  2 ball pythons
  2 endoplasms (D:2)
  4 goblins
  2 hobgoblins (D:1)
  4 kobolds
  2 quokkas
  4 bats
  3 frilled lizards
  2 rats (D:1)
30 creatures vanquished.

Notes
Turn   | Place    | Note
-------+----------+-------------------------------------------
     0 | D:1      | Emberiza the Minotaur Berserker began the quest for the
                  | Orb.
     0 | D:1      | Reached XP level 1. HP: 19/19 MP: 0/0
    53 | D:1      | Reached skill level 4 in Axes
   304 | D:1      | Reached XP level 2. HP: 26/26 MP: 1/1
   905 | D:2      | Reached skill level 5 in Axes
   909 | D:2      | Reached ** piety under Trog
   911 | D:2      | Reached XP level 3. HP: 20/31 MP: 2/2
  1016 | D:2      | Noticed Jessica
  1022 | D:2      | Killed Jessica
  1098 | D:2      | Reached skill level 6 in Axes
  1098 | D:2      | Reached XP level 4. HP: 36/39 MP: 3/3
  1175 | D:2      | Noticed Sigmund
  1208 | D:2      | Slain by Sigmund

Illustrated notes

Levels and vault maps discovered:
D:1:      dpeg_arrival_yet_another_circle, layout_basic
D:2:      layout_rooms, minmay_ruptured, uniq_jessica, uniq_sigmund

Skill      XL: |  1  2  3 |
---------------+----------+-----
Axes           | 4 5 6 |  6.0
Fighting       | |  3.6
Armour         | |  2.4
Dodging        | |  2.1

Action                   |  1- 3 |  4- 6 || total
-------------------------+-------+-------++-------
Melee: Hand axe          |    53 |    24 ||    77
       Headbutt          |     7 |     1 ||     8
Invok: Berserk           |     1 |       ||     1
       Trog's Hand       |       |     1 ||     1
  Use: Scroll            |     2 |       ||     2
Armor: Plate armour      |    29 |    10 ||    39
       Leather armour    |     2 |       ||     2
Dodge: Dodged            |    29 |     3 ||    32

Table legend: (Time is in decaauts)
 A = Elapsed time spent in this place.
 B = Non-inter-level travel time spent in this place.
 C = Inter-level travel time spent in this place.
 D = Time resting spent in this place.
 E = Time spent auto-exploring this place.
 F = Levels seen in this place.
 G = Mean time per level.
                   A        B        C        D        E       F      G
               +--------+--------+--------+--------+--------+-----+--------+
         Total |   1220 |   1167 |     53 |     41 |    892 |   2 |  610.0 |
       Dungeon |   1220 |   1167 |     53 |     41 |    892 |   2 |  610.0 |
               +--------+--------+--------+--------+--------+-----+--------+

Top non-repeatable levels by time:
     D:1: 891 daAuts
     D:2: 328 daAuts
